 Dungeon Crawl Stone Soup version 0.27.1-33-g824d729ab1 (webtiles) character file.

Game seed: 16256489457000866879

4568 Kagerou the Frost Mage (level 10, -2/67 HPs)
             Began as a Merfolk Ice Elementalist on Jan 1, 2022.
             Was a Believer of Vehumet.
             Slain by a komodo dragon (29 damage)
             ... on level 1 of the Lair of Beasts.
             The game lasted 00:52:16 (16256 turns).

Kagerou the Frost Mage (Merfolk Ice Elementalist)  Turns: 16256, Time: 00:52:17

Health: -2/67      AC:  6    Str: 10    XL:     10   Next: 41%
Magic:  15/16      EV: 13    Int: 17    God:    Vehumet [**....]
Gold:   73         SH:  0    Dex: 14    Spells: 1/17 levels left

rFire    . . .     SeeInvis .   b - +0 halberd
rCold    . . .     Faith    .   (shield currently unavailable)
rNeg     . . .     Spirit   .   I - +0 troll leather armour
rPois    +         Reflect  .   (no helmet)
rElec    .         Harm     .   (no cloak)
rCorr    .         Rampage  .   f - +1 pair of gloves
Will     .....                  (no boots)
Stlth    ++........             (no amulet)
HPRegen  1.21/turn              P - ring of poison resistance
MPRegen  0.15/turn              (no ring)

@: hasted, very quick
A: (nimble swimmer 2), mertail
a: Renounce Religion


You were on level 1 of the Lair of Beasts.
You worshipped Vehumet.
Vehumet was pleased with you.
You visited 3 branches of the dungeon, and saw 12 of its levels.
You also visited: Sewer.

You collected 357 gold pieces.
You spent 284 gold pieces at shops.

Inventory:

Hand Weapons
 a - a +0 hunting sling
 b - a +0 halberd (weapon)
 i - a +0 hand axe
 u - a +5 quarterstaff
 v - a +1 spear of distortion
 z - a +3 dagger of venom
Missiles
 d - 258 stones (quivered)
 j - 89 bolts
 k - 33 poisoned darts
 t - 93 arrows
 y - 6 boomerangs
 B - 53 sling bullets
 C - 2 throwing nets
Armour
 c - a +0 robe
 f - a +1 pair of gloves (worn)
 r - a +0 kite shield
 s - a +0 leather armour
 x - the +4 kite shield of the Peculiar Ziggurats {rF+ rC+ Regen+ Str-3}
   (You found it on level 4 of the Dungeon)

   Str:       It affects your strength (-3).
   rF:        It protects you from fire.
   rC:        It protects you from cold.
   Regen:     It increases your rate of health regeneration.
 I - a +0 troll leather armour (worn)
Magical Staves
 q - a staff of poison
Jewellery
 G - a ring of flight
 P - a ring of poison resistance (left hand)
Wands
 E - a wand of flame (21)
 F - a wand of iceblast (14)
 H - a wand of polymorph (4)
 J - a wand of paralysis (6)
Scrolls
 e - 5 scrolls of teleportation
 l - a scroll of amnesia
 m - 2 scrolls of enchant armour
 n - 2 scrolls of magic mapping
 A - 3 scrolls of enchant weapon
Potions
 g - a potion of haste
 h - 2 potions of lignification
 o - a potion of brilliance
 p - 4 potions of curing
 D - a potion of might {unknown}


   Skills:
 - Level 2.0 Fighting
 - Level 10.0 Polearms
 - Level 4.0 Dodging
 - Level 2.1 Stealth
 - Level 4.0 Spellcasting
 - Level 6.0 Conjurations
 - Level 10.0 Ice Magic
 * Level 5.2 Evocations


You had one spell level left.
You knew the following spells:

 Your Spells              Type           Power      Damage    Failure   Level
a - Freeze                Ice            100%       1d11      1%          1
h - Hailstorm             Conj/Ice       30%        3d8       8%          4
o - Ozocubu's Armour      Ice            37%        N/A       1%          3
r - Frozen Ramparts       Ice            74%        1d9       1%          3
s - Searing Ray           Conj           46%        3d4       2%          2
O - Mephitic Cloud        Conj/Pois/Air  10%        N/A       28%         3

Your spell library contained the following spells:

 Spells                   Type           Power      Damage    Failure   Level
 Foxfire                  Conj/Fire      52%        2x1d6     6%          1
 Shock                    Conj/Air       52%        1d6       6%          1
 Sting                    Tmut/Pois      12%        1d3       22%         1
 Ensorcelled Hibernation  Hex/Ice        40%        N/A       4%          2
 Static Discharge         Conj/Air       13%        N/A       10%         2
 Conjure Flame            Conj/Fire      13%        6-21      19%         3
 Poisonous Vapours        Pois/Air       6%         N/A       32%         2
 Inner Flame              Hex/Fire       3%         N/A       54%         3
 Spider Form              Tmut/Pois      1%         N/A       54%         3
 Summon Guardian Golem    Hex/Summ       3%         N/A       54%         3
 Swiftness                Air            3%         N/A       54%         3
 Airstrike                Air            1%         N/A       91%         4
 Olgreb's Toxic Radiance  Pois           3%         N/A       91%         4
 Bolt of Magma            Conj/Fire/Erth 5%         4d5       95%         5
 Iron Shot                Conj/Erth      6%         9d2       100%        6
 Shadow Creatures         Summ           N/A        N/A       100%        6
 Orb of Destruction       Conj           11%        9d5       100%        7
 Spellforged Servitor     Conj/Summ      6%         N/A       100%        7


Dungeon Overview and Level Annotations

Branches:
Dungeon (10/15)            Temple (1/1) D:4            Lair (1/6) D:9
  Sewer (visited)
    Orc: D:9-12

Altars:
Ashenzari
Dithmenos
Elyvilon
Fedhas
Gozag
Kikubaaqudgha
Makhleb
Nemelex Xobeh
Okawaru
Qazlal
Sif Muna
Trog
Uskayaw
Vehumet
Wu Jian
Yredelemnul
Zin
The Shining One

Shops:
D:6 *   D:8 *

Annotations:
D:1 exclusion: downstairs
D:2 1 runed translucent door, Crazy Yiuf
D:5 exclusion: 2 downstairs
D:6 3 runed translucent doors, ildemir's ghost, amateur MiMo
D:8 exclusion: downstairs, Harold
D:9 exclusions: downstairs and upstairs


Innate Abilities, Weirdness & Mutations

((You are quick and stealthy near water. (Stealth+, EV+, Speed+++)))
Your lower body shifts to a powerful aquatic tail in water.


Message History

Unknown command.
The electric eel is engulfed in a cloud of scalding steam.
You kill the electric eel!
Vehumet accepts your kill.
You hear a splash.
Unknown command.
A komodo dragon comes into view.
The komodo dragon hisses angrily.
There is a staircase back to the Dungeon here.
A komodo dragon is nearby!
You climb upwards.
Welcome back to the Dungeon!
Level annotation: exclusions: downstairs and upstairs
There is a staircase to the Lair here.
You start resting.
HP restored.
You climb downwards.
Welcome back to the Lair of Beasts!
You feel a wave of frost pass over you.
There is an entrance to an ice cave on this level.
Hurry and find it before the portal melts!
The komodo dragon bites you!! The komodo dragon closely misses you.
There is a staircase back to the Dungeon, spattered with blood here.
Unknown command.
A water moccasin comes into view.
Casting: Freeze (safe; 1% risk of failure)
Confirm with . or Enter, or press ? or * to list all spells.
Aiming: Freeze (safe; 1% risk of failure)
Press: ? - help, Shift-Dir - straight line, f - komodo dragon
Aim: a komodo dragon You freeze the komodo dragon!
The komodo dragon is moderately wounded.
The komodo dragon bites you!!
Unknown command.
Unknown command.
Unknown command.
Aiming: Paralyse
Press: ? - help, Shift-Dir - straight line, f/p - komodo dragon
Aim: a komodo dragon (moderately wounded, chance to affect: 44%)
Okay, then.
Unknown command.
You feel yourself speed up. The komodo dragon bites you!!
You die...

..... .#.#P. ....
.#....... ###...
......... ##...#.
.........
#...#..##....#....
.........##..S....
.Š...............
........<##.......
.....#.##l@.......
.......#..........
.....##...#.......
..... ####........
.... ###..... ...
../.. .... ....


You could see a komodo dragon and a water moccasin.

Vanquished Creatures
  A troll (D:9)
  A wraith (D:6)
  2 wyverns (D:9)
  A fire bat (D:9)
  2 steam dragons (D:9)
  2 water moccasins
  An orc warrior (D:7)
  2 black bears
  2 ice beasts (D:6)
  3 sky beasts
  An ogre (D:7)
  2 phantoms
  The ghost of kalagan the Conjurer, an amateur DECj (D:3)
  A kobold brigand (D:8)
  A gnoll sergeant (D:5)
  3 bullfrogs
  A wyvern skeleton (D:6)
  A water moccasin zombie (D:6)
  7 wights
  3 howler monkeys
  2 electric eels (Lair:1)
  A bullfrog zombie (D:6)
  3 centaur zombies
  2 centaur skeletons
  A hound (D:7)
  5 orc priests
  4 jellies
  An iguana (D:5)
  8 orc wizards
  A statue (D:3)
  4 hound skeletons
  A hound zombie (D:5)
  4 howler monkey zombies
  2 howler monkey skeletons
  3 gnolls (D:5)
  6 adders
  A river rat (Sewer)
  A shadow imp (D:8)
  2 ufetubi (D:5)
  5 worms
  2 dart slugs (D:2)
  15 orcs
  8 ball pythons
  5 endoplasms
  5 giant cockroaches
  8 goblins
  5 hobgoblins
  3 jackals (D:4)
  3 quokkas
  5 bats
  A frilled lizard (D:2)
  14 kobolds
  11 rats
180 creatures vanquished.

Vanquished Creatures (others)
  An ufetubus (D:4)
  A ball python (D:4)
2 creatures vanquished.

Grand Total: 182 creatures vanquished

Notes
Turn   | Place    | Note
-------+----------+-------------------------------------------
     0 | D:1      | Kagerou the Merfolk Ice Elementalist began the quest for
                  | the Orb.
     0 | D:1      | Reached XP level 1. HP: 13/13 MP: 3/3
   390 | D:1      | Reached XP level 2. HP: 20/20 MP: 1/5
   585 | D:1      | Reached skill level 1 in Fighting
   847 | D:1      | Found a faded altar of an unknown god.
   971 | D:2      | Reached skill level 5 in Ice Magic
  1599 | D:1      | Reached XP level 3. HP: 26/26 MP: 0/6
  1793 | D:2      | Learned a level 3 spell: Frozen Ramparts
  2290 | D:2      | Reached skill level 2 in Fighting
  2332 | D:2      | Reached XP level 4. HP: 23/33 MP: 7/7
  2655 | D:2      | Found a runed translucent door.
  2656 | D:2      | Noticed Crazy Yiuf
  3313 | D:3      | Found a glowing drain.
  3335 | D:3      | Reached skill level 3 in Dodging
  3410 | Sewer    | Entered a sewer
  3490 | Sewer    | Noticed a kobold brigand
  3915 | D:3      | Reached skill level 6 in Ice Magic
  3986 | D:3      | Noticed a water moccasin
  3991 | D:3      | Killed a water moccasin
  3992 | D:3      | Reached skill level 4 in Dodging
  3992 | D:3      | Reached XP level 5. HP: 38/38 MP: 0/8
  4231 | D:3      | Found a runed translucent door.
  4427 | D:3      | Found a radiant altar of Vehumet.
  4427 | D:3      | Noticed a charred statue
  4610 | D:3      | Learned a level 4 spell: Hailstorm
  4743 | D:3      | Noticed kalagan's ghost (amateur DECj)
  4747 | D:3      | Reached XP level 6. HP: 43/44 MP: 4/9
  4751 | D:3      | Killed kalagan's ghost
  4752 | D:3      | Reached skill level 1 in Conjurations
  4752 | D:3      | Reached skill level 7 in Ice Magic
  4946 | D:4      | Identified the +3 chain mail of the Salmon {Harm rElec
                  | Dex+4 SInv}
  5290 | D:4      | Reached skill level 2 in Conjurations
  5313 | D:4      | Found a staircase to the Ecumenical Temple.
  5322 | Temple   | Entered the Ecumenical Temple
  6166 | D:4      | Identified the +4 kite shield of the Peculiar Ziggurats
                  | {rF+ rC+ Regen+ Str-3}
  6249 | D:3      | Became a worshipper of Vehumet
  6319 | D:5      | Entered Level 5 of the Dungeon
  6392 | D:5      | Reached XP level 7. HP: 50/50 MP: 4/10
  7016 | D:5      | Reached skill level 3 in Conjurations
  7706 | D:5      | Reached skill level 4 in Conjurations
  7706 | D:5      | Reached skill level 8 in Ice Magic
  7901 | D:5      | Reached XP level 8. HP: 51/56 MP: 7/11
  8994 | D:6      | Noticed an angel
  8999 | D:6      | Found Beite's Hallowed Reliquary.
  9003 | D:6      | Bought a potion of heal wounds for 50 gold pieces
  9003 | D:6      | Bought a potion of curing for 30 gold pieces
  9112 | D:6      | Found a runed translucent gate.
  9112 | D:6      | Found a runed translucent gate.
  9112 | D:6      | Found a runed translucent gate.
  9150 | D:5      | Reached skill level 3 in Spellcasting
  9150 | D:5      | Reached skill level 9 in Ice Magic
  9913 | D:6      | Noticed ildemir's ghost (amateur MiMo)
 11275 | D:6      | Reached skill level 5 in Conjurations
 11275 | D:6      | Reached XP level 9. HP: 61/61 MP: 9/14
 11435 | D:7      | Learned a level 3 spell: Ozocubu's Armour
 11663 | D:7      | Reached skill level 4 in Spellcasting
 11663 | D:7      | Reached skill level 10 in Ice Magic
 11889 | D:7      | Reached * piety under Vehumet
 11889 | D:7      | Offered knowledge of Magic Dart by Vehumet.
 12329 | D:6      | Reached skill level 6 in Conjurations
 12329 | D:6      | Reached skill level 2 in Polearms
 12409 | D:7      | Reached skill level 3 in Polearms
 12416 | D:7      | Reached skill level 4 in Polearms
 12583 | D:7      | Found a shimmering blue altar of Sif Muna.
 12620 | D:7      | Got the Almanac of Attacks
 12668 | D:7      | Reached skill level 5 in Polearms
 12813 | D:8      | Found Kushew's Assorted Antiques.
 12818 | D:8      | Learned a level 3 spell: Mephitic Cloud
 12820 | D:8      | Bought a potion of haste for 170 gold pieces
 12820 | D:8      | Bought a scroll of identify for 34 gold pieces
 13171 | D:8      | Found a white marble altar of Elyvilon.
 13176 | D:8      | Reached skill level 6 in Polearms
 13195 | D:8      | Reached skill level 7 in Polearms
 13438 | D:8      | Noticed Harold
 13458 | D:8      | Reached skill level 8 in Polearms
 13707 | D:8      | Offered knowledge of Searing Ray by Vehumet.
 13830 | D:8      | Learned a level 2 spell: Searing Ray
 14531 | D:8      | Found a white marble altar of Elyvilon.
 14593 | D:8      | Found Kushew's Assorted Antiques.
 14889 | D:9      | Reached skill level 9 in Polearms
 14992 | D:9      | Noticed a troll
 15004 | D:9      | Killed a troll
 15005 | D:9      | Reached XP level 10. HP: 45/67 MP: 5/16
 15247 | D:9      | Reached skill level 10 in Polearms
 15300 | D:9      | Reached skill level 2 in Evocations
 15323 | D:9      | Reached ** piety under Vehumet
 15363 | D:9      | Reached skill level 3 in Evocations
 15709 | D:9      | Reached skill level 4 in Evocations
 15822 | D:9      | Found a staircase to the Lair.
 15828 | D:9      | Found a hide-covered altar of Uskayaw.
 16055 | D:9      | Reached skill level 5 in Evocations
 16136 | D:10     | Entered Level 10 of the Dungeon
 16145 | D:10     | Noticed a tengu warrior
 16148 | D:10     | Found a bloodstained altar of Trog.
 16220 | Lair:1   | Entered Level 1 of the Lair of Beasts
 16256 | Lair:1   | Slain by a komodo dragon

Illustrated notes

Levels and vault maps discovered:
D:1:      psy_arrival_basics, layout_basic,
          shapermc_ecumenical_altar_mp_vishouse
D:2:      layout_loops_ring, minmay_tromino_v4_b, uniq_crazy_yiuf_cottage
D:3:      layout_basic, vehumet_statue, ebering_ghost_sewer_d,
          portal_sewer_entry_c
D:4:      layout_loops_ring, lemuel_temple_firewalk_a
D:5:      layout_basic
D:6:      layout_loops_cross, gammafunk_ghost_icy, nicolae_good_shop
D:7:      layout_gridville, mainiacjoe_overflow_catwalk
D:8:      layout_loops_cross, elyvilon_altar_4, serial_shops,
          nicolae_stop_n_shop_1, uniq_harold
D:9:      layout_rooms, nicolae_uskayaw_suspiria, lair_entry_dummy
D:10:     layout_basic, mainiacjoe_overflow_alcove_2, bloody_trog,
          grunt_temple_overflow_open
Temple:   nicolae_temple_figure_eight
Lair:1:   lemuel_reptile_caves, layout_hall_layers,
          portal_ice_cave_entry_ice_simulacra, dpeg_stationary_puzzle,
          serial_bayou_shore_b, grunt_megastairs_4

Skill      XL: |  1  2  3  4  5  6  7  8  9 10 |
---------------+-------------------------------+-----
Fighting       | 1 2 |  2.0
Ice Magic      | 5 6 7 8 9 10 | 10.0
Dodging        | 4 |  4.0
Conjurations   | 2 4 5 6 |  6.0
Spellcasting   | 3 4 |  4.0
Polearms       | 9 10 | 10.0
Evocations     | 5 |  5.2
Stealth        | |  2.1

Action                   |  1- 3 |  4- 6 |  7- 9 | 10-12 || total
-------------------------+-------+-------+-------+-------++-------
Melee: Hand axe          |     6 |       |       |       ||     6
       Dagger            |    21 |    15 |     6 |       ||    42
       Quarterstaff      |       |       |   145 |    25 ||   170
       Halberd           |       |       |       |    35 ||    35
 Fire: Hunting sling     |    46 |   122 |    73 |       ||   241
Throw: Stone             |    68 |     5 |     2 |       ||    75
 Cast: Freeze            |    37 |    33 |    55 |     6 ||   131
       Frozen Ramparts   |       |     9 |    21 |     1 ||    31
       Hailstorm         |       |       |    38 |     6 ||    44
       Ozocubu's Armour  |       |       |     3 |       ||     3
       Searing Ray       |       |       |       |     4 ||     4
Evoke: Wand              |       |     2 |     5 |     4 ||    11
  Use: Scroll            |     3 |     7 |     6 |       ||    16
       Potion            |       |       |     2 |     2 ||     4
 Stab: Sleeping          |     2 |     1 |     1 |       ||     4
       Distracted        |       |       |       |     1 ||     1
Armor: Robe              |    14 |     7 |       |       ||    21
       Leather armour    |       |    19 |    71 |       ||    90
       Troll leather arm |       |       |       |    34 ||    34
Dodge: Dodged            |    26 |    50 |   161 |    38 ||   275
